 Dungeon Crawl Stone Soup version 0.30.1-9-gdf580d7c3d (webtiles) character file.

Game seed: 15311436635831792351

196 KittyFluff the Cudgeller (level 5, -2/33 HPs)
             Began as a Gargoyle Berserker on Oct 7, 2023.
             Was a Believer of Trog.
             Slain by an orc priest
             ... wielding a +0 whip
              (4 damage)
             ... on level 4 of the Dungeon.
             The game lasted 00:10:01 (2578 turns).

KittyFluff the Cudgeller (Gargoyle Berserker)       Turns: 2578, Time: 00:10:02

Health: -2/33      AC:  9    Str: 29    XL:     5   Next: 75%
Magic:  5/5        EV: 11    Int:  7    God:    Trog [**....]
Gold:   118        SH:  0    Dex:  9    Spells: 4/4 levels left

rFire   . . .        a - +0 mace
rCold   . . .        (no shield)
rNeg    + . .        s - +0 leather armour
rPois   ∞            m - +0 helmet
rElec   +            x - +0 cloak
rCorr   .            (no gloves)
SInv    .            (no boots)
Will    .....        (no amulet) Stlth
                     l - +6 ring of strength
HPRegen 0.25/turn    (no ring)
MPRegen 0.09/turn

%: no passive effects
@: confused
A: sickness immunity, AC +4, negative energy resistance 1, electricity
resistance, torment resistance 1, petrification resistance
a: Renounce Religion, Berserk, Trog's Hand


You were on level 4 of the Dungeon.
You worshipped Trog.
Trog was pleased with you.
You visited 1 branch of the dungeon, and saw 4 of its levels.

You collected 131 gold pieces.
You spent 13 gold pieces at shops.

Inventory:

Hand Weapons
 a - a +0 mace (weapon)
 g - a +0 sling
 v - a +0 arbalest
Missiles
 b - 2 boomerangs
 d - 5 poisoned darts (quivered)
Armour
 m - a +0 helmet (worn)
 s - a +0 leather armour (worn)
 x - a +0 cloak (worn)
Jewellery
 l - a +6 ring of strength (left hand)
Wands
 u - a wand of flame (8)
Scrolls
 e - 2 scrolls of identify {unknown}
 f - a scroll of noise
 i - a scroll of summoning {unknown}
 j - a scroll of immolation {unknown}
 n - 2 scrolls of fog {unknown}
 o - a scroll of amnesia {unknown}
 p - 4 scrolls of teleportation {unknown}
 q - a scroll of magic mapping {unknown}
 r - 2 scrolls of vulnerability {unknown}
Potions
 c - a potion of attraction {unknown}
 h - 2 potions of degeneration {unknown}
 k - 2 potions of curing
 t - 2 potions of magic {unknown}
 w - a potion of haste {unknown}
 z - a potion of flight {unknown}
 A - a potion of resistance {unknown}


   Skills:
 + Level 4.1 Fighting
 * Level 4.3 Maces & Flails
 * Level 4.0 Armour
 + Level 2.2 Dodging


You had 4 spell levels left.
You didn't know any spells.
Your spell library was empty.

Dungeon Overview and Level Annotations

Branches:
Dungeon (4/15)
 Temple: D:4-7

Altars:

Shops:
D:1 [**(?


Innate Abilities, Weirdness & Mutations

You are immune to sickness and miasma.
Your stone body is resilient. (AC +4)
You are immune to poison.
You resist negative energy. (rN+)
You are resistant to electric shocks. (rElec)
You are resistant to unholy torment.
You are immune to petrification.


Message History

An orc priest comes into view. It is wielding a +0 club.
The goblin closely misses you.
You hit the orc wizard. Your punch misses the orc wizard.
The orc wizard is moderately wounded.
The goblin hits you but does no damage.
The orc wizard hits you but does no damage.
A hobgoblin comes into view.
You closely miss the orc wizard.
The orc wizard is moderately wounded.
The orc priest casts a cantrip, but nothing happens.
The orc wizard casts a spell at you.
You are confused.
The goblin closely misses you.
You hit the orc wizard.
The orc wizard is severely wounded.
The goblin barely misses you. The orc priest hits you with a +0 whip.
The orc wizard hits you with a +0 dagger.
You are too confused!
You closely miss the orc priest. The goblin hits you but does no damage.
The orc priest hits you but does no damage.
The orc hits you with a +0 hand axe. The orc barely misses you.
The orc wizard hits you but does no damage.
The orc hits you with a +0 hand axe.
* * * LOW HITPOINT WARNING * * *
The orc hits you but does no damage.
The orc wizard hits you with a +0 dagger.
* * * LOW HITPOINT WARNING * * *
The goblin hits you with a +0 dagger.
* * * LOW HITPOINT WARNING * * *
You barely miss the goblin. The orc priest hits you with a +0 whip.
* * * LOW HITPOINT WARNING * * *
The orc wizard hits you but does no damage.
The orc closely misses you. x2; The goblin hits you but does no damage.
The orc attacks as you move away! The orc hits you but does no damage.
The orc priest hits you but does no damage.
You sock the orc!
You kill the orc!
Trog accepts your kill. The orc priest hits you with a +0 whip.
You die...

..........#.##..# #.# #.######
..........#.....# #.# #.....##
......[...#####.###.# ##.....#
..........#.........# #.....##
..........#.###.....#####......#
..........#.# #...†.....†#+#...#
........:.#.# #..........# ##.#
.....)....#.###..o.####### ~#
....).........#.@o.'.#
#######+###.#.#)ogo#.#
#######+###.# +..g.......
..:.........# #.....##...
.........#### #####... .
.........# ####
..)......###########
...................####
......................+


You could see 2 orc priests, an orc wizard, an orc, a hobgoblin and a goblin.

Vanquished Creatures
  Ijyb (D:3)
  2 orc wizards (D:3)
  A gnoll (D:1)
  3 adders
  A worm (D:2)
  A dart slug (D:4)
  10 orcs
  4 bats
  10 endoplasms
  4 giant cockroaches
  3 goblins
  3 hobgoblins
  2 jackals (D:1)
  4 quokkas
  4 ball pythons
  3 frilled lizards
  7 kobolds
  5 rats
68 creatures vanquished.

Notes
Turn   | Place    | Note
-------+----------+-------------------------------------------
     0 | D:1      | KittyFluff the Gargoyle Berserker began the quest for the
                  | Orb.
     0 | D:1      | Reached XP level 1. HP: 14/14 MP: 1/1
    69 | D:1      | Found a faded altar of an unknown god.
    70 | D:1      | Noticed a shining eye
    72 | D:1      | Noticed a golden eye
    78 | D:1      | Noticed an eye of devastation
    98 | D:1      | Found Gasoqisod's Weapon Emporium.
   104 | D:1      | Reached XP level 2. HP: 18/19 MP: 2/2
   278 | D:1      | Reached XP level 3. HP: 23/23 MP: 3/3
   330 | D:1      | Found Faokiats's Magic Scroll Shop.
   334 | D:1      | Bought a scroll of noise for 13 gold pieces
   433 | D:1      | Noticed a shining eye
   445 | D:1      | Found Gen Xeun's Assorted Antiques.
   554 | D:1      | Found Qycveog's Assorted Antiques.
   578 | D:1      | Found Hefedur's Antique Armour Boutique.
   906 | D:2      | Reached ** piety under Trog
  1446 | D:3      | Reached XP level 4. HP: 15/29 MP: 4/4
  1677 | D:3      | Noticed Ijyb
  1685 | D:3      | Killed Ijyb
  1686 | D:3      | Reached XP level 5. HP: 29/33 MP: 5/5
  2578 | D:4      | Slain by an orc priest

Illustrated notes

Levels and vault maps discovered:
D:1:      zaba_arrival_water, layout_rooms, serial_shops, shop, shop, shop,
          nicolae_shop_statue_plus, nicolae_shop_rolled_up,
          hellmonk_ecumenical_altar_watching_god, hex_large
D:2:      layout_loops_ring
D:3:      layout_loops_ring, uniq_ijyb
D:4:      cheibrodos_thug_alley, layout_basic, lemuel_flame_loot_1

Skill      XL: |  1  2  3  4  5 |
---------------+----------------+-----
Armour         | 3 4 |  4.0
Dodging        | 2 |  2.2
Maces & Flails | 4 |  4.3
Fighting       | 4 |  4.1

Action                     |  1- 3 |  4- 6 || total
---------------------------+-------+-------++-------
  Melee: Mace              |   102 |   127 ||   229
         Punch             |     1 |     1 ||     2
 Invoke: Berserk           |     1 |     2 ||     3
    Use: Potion            |       |     1 ||     1
 Armour: Animal skin       |    32 |       ||    32
         Leather armour    |       |    76 ||    76
  Dodge: Dodged            |    65 |   102 ||   167
